AoeStats
← g.jiminy

Nomad

509441960Analyzed
4v4 RM · 6d ago on Sep 26, 2026· 32m 33s· 8 players
Game mode
Random Map
Map size
231×231
Population
200
Speed
Normal
Resources
Standard
Victory
Conquest
Starting age
Dark Age
Ending age
Imperial Age
RankedLock teamsTeams togetherTeam positionsShared explorationLock speedFull tech treeHidden civsTurbo modeCheats
Victory
Defeat
🇳🇱 Danes · Netherlands
1132
+43
🇺🇸 Varangians · United States
1125
+16
🇧🇪 Vietnamese · Belgium
1110
+17
🇬🇧 Koreans · United Kingdom
1106
+17
🇫🇷 Vietnamese · France
1174
-19
🇹🇼 Danes · Taiwan
1145
-17
🇨🇳 Cumans · China
1097
-15
🇪🇬 Goths · Egypt
1084
-15
The Man The Myth The Legend
3:51 Loom
15:10 Feudal Age
15:49 Gold Mining
16:59 Wheelbarrow
16:18 Double-Bit Axe
16:34 Fletching
16:37 Fishing Lines
17:04 Horse Collar
20:00 Wheelbarrow
19:17 Stone Mining
23:15 Castle Age
21:36 Bloodlines
23:37 Scale Barding Armor
25:16 Town Watch
26:27 Scale Barding Armor
26:39 Forging
26:33 Husbandry
29:22 Chain Barding Armor
30:17 Husbandry
31:43 Iron Casting
trenchard50
5:30 Loom
13:14 Feudal Age
14:01 Double-Bit Axe
19:15 Town Watch
21:48 Castle Age
21:54 Scale Mail Armor
23:09 Fletching
23:48 Chain Mail Armor
26:12 Forging
26:39 Arson
31:57 Horse Collar
L'arlecchino
6:47 Loom
14:06 Feudal Age
18:08 Castle Age
17:09 Stone Mining
18:06 Double-Bit Axe
19:17 Bow Saw
19:47 Town Watch
21:34 Gold Mining
21:35 Fletching
25:44 Bodkin Arrow
30:14 Padded Archer Armor
33:03 Wheelbarrow
Bestkeptsecret
10:45 Loom
13:42 Feudal Age
14:50 Double-Bit Axe
19:24 Castle Age
17:41 Gold Mining
18:18 Forging
18:53 Stone Mining
19:16 Scale Mail Armor
20:20 Bow Saw
20:50 Iron Casting
22:26 Chain Mail Armor
22:14 Squires
22:00 Arson
22:04 Fishing Lines
29:10 Horse Collar
31:22 Fletching
32:28 Gillnets
fairoz05329
9:27 Loom
14:03 Feudal Age
18:06 Castle Age
16:06 Double-Bit Axe
18:09 Fletching
18:46 Crossbowman
20:36 Elite Skirmisher
25:02 Gold Mining
26:14 Bodkin Arrow
28:12 Town Watch
Meroero
4:55 Loom
20:48 Feudal Age
28:53 Castle Age
26:40 Double-Bit Axe
28:26 Fishing Lines
28:32 Horse Collar
diudiudiu丶
6:49 Loom
18:22 Feudal Age
19:24 Fishing Lines
23:50 Double-Bit Axe
26:31 Castle Age
25:12 Wheelbarrow
24:20 Horse Collar
24:54 Scale Barding Armor
26:54 Forging
27:18 Bloodlines
29:10 Chain Barding Armor
g.jiminy
4:24 Loom
14:47 Feudal Age
19:02 Castle Age
18:35 Horse Collar
19:33 Wheelbarrow
19:06 Double-Bit Axe
19:10 Fishing Lines
22:37 Bow Saw
Connection lost

Rejoining the realm…

Still unreachable

The connection could not be restored.

Session expired

The server has moved on; the page needs a fresh start.